 Dungeon Crawl Stone Soup version 0.30-a0-339-g89bb51ec76 (webtiles) character file.

Game seed: 9335262726049467500

51 twist the Vexing (level 3, 0/28 HPs)
             Began as a Gnoll Hexslinger on Oct 31, 2022.
             Slain by an orc
             ... wielding a +0 club
              (1 damage)
             ... on level 3 of the Dungeon.
             The game lasted 00:03:53 (2079 turns).

twist the Vexing (Gnoll Hexslinger)                 Turns: 2079, Time: 00:03:54

Health: 0/28       AC:  3    Str:  9    XL:     3   Next: 83%
Magic:  4/7        EV: 12    Int: 14    God:
Gold:   119        SH:  3    Dex: 12    Spells: 6/7 levels left

rFire   . . .      SeeInvis .    a - +1 sling
rCold   . . .      Faith    .    n - +0 buckler
rNeg    . . .      Spirit   .    o - +0 leather armour
rPois   .          Reflect  .    (no helmet)
rElec   .          Harm     .    (no cloak)
rCorr   .          Rampage  .    (no gloves)
Will    .....                    (no boots)
Stlth   +.........               (no amulet)
HPRegen 0.24/turn                (no ring)
MPRegen 0.10/turn                (no ring)

@: no status effects
A: fangs 1, strong nose, distributed training
a: no special abilities


You were on level 3 of the Dungeon.
You visited 1 branch of the dungeon, and saw 3 of its levels.

You collected 119 gold pieces.

Inventory:

Hand Weapons
 a - a +1 sling (weapon)
 h - a +2 dagger of flaming
 p - a +0 trident
Armour
 c - a +0 robe
 n - a +0 buckler (worn)
 o - a +0 leather armour (worn)
Jewellery
 v - a ring of positive energy
Scrolls
 b - 2 scrolls of poison
 f - a scroll of amnesia {unknown}
 i - a scroll of enchant weapon {unknown}
 j - a scroll of identify {unknown}
 m - a scroll of butterflies {unknown}
 s - a scroll of immolation {unknown}
 t - 2 scrolls of teleportation {unknown}
 w - a scroll of silence {unknown}
Potions
 d - 2 potions of curing {unknown}
 e - 2 potions of heal wounds {unknown}
 g - a potion of might {unknown}
 k - 2 potions of brilliance {unknown}
 l - a potion of haste {unknown}
 q - a potion of degeneration {unknown}
 r - 3 potions of lignification {unknown}
 u - a potion of berserk rage {unknown}


   Skills:
 + Level 2.7 Fighting
 + Level 1.0 Short Blades
 + Level 1.0 Long Blades
 + Level 1.0 Axes
 + Level 1.0 Maces & Flails
 + Level 1.0 Polearms
 + Level 1.0 Staves
 + Level 4.6 Ranged Weapons
 + Level 1.0 Throwing
 + Level 1.0 Armour
 + Level 4.6 Dodging
 + Level 1.0 Stealth
 + Level 1.0 Shields
 + Level 1.0 Unarmed Combat
 + Level 2.9 Spellcasting
 + Level 0.7 Conjurations
 + Level 5.4 Hexes
 + Level 0.7 Summonings
 + Level 0.7 Necromancy
 + Level 0.7 Translocations
 + Level 0.7 Transmutations
 + Level 0.7 Fire Magic
 + Level 0.7 Ice Magic
 + Level 0.7 Air Magic
 + Level 0.7 Earth Magic
 + Level 0.7 Poison Magic
 + Level 1.1 Invocations
 + Level 1.0 Evocations


You had 6 spell levels left.
You knew the following spells:

 Your Spells              Type           Power      Damage    Failure   Level
a - Slow                  Hex            68%        N/A       4%          1

Your spell library contained the following spells:

 Spells                   Type           Power      Damage    Failure   Level
 Inner Flame              Hex/Fire       10%        N/A       34%         3
 Portal Projectile        Hex/Tloc       20%        N/A       34%         3
 Cause Fear               Hex            8%         N/A       41%         4


Dungeon Overview and Level Annotations

Branches:
Dungeon (3/15)

Altars:
Fedhas
Okawaru
Ru
Sif Muna

Shops:
D:2 =[

Annotations:
D:3 1 runed translucent door, DEFE's ghost, amateur MeFi


Innate Abilities, Weirdness & Mutations

You have very sharp teeth.
Your uncanny sense of smell can sniff out nearby items.
Your experience applies equally to all skills.


Message History

You shoot a sling bullet. The sling bullet hits the orc.
You kill the orc!
An orc priest comes into view.
It is wielding a +1 trident of protection.
You shoot a sling bullet.
The sling bullet barely misses the orc priest.
An orc comes into view. It is wielding a +0 club.
You shoot a sling bullet.
The sling bullet hits the orc priest but does no damage.
The orc priest barely misses you.
An orc comes into view. It is wielding a +0 dagger.
You shoot a sling bullet. The sling bullet hits the orc priest.
The orc priest is moderately wounded.
The orc throws a boomerang.
The boomerang misses you.
The orc priest mumbles some strange prayers to Beogh against you.
Beogh smites you!
Ouch! That really hurt!
* * * LOW HITPOINT WARNING * * *
Aiming: Slow (safe; 4% risk of failure)
Press: ? - help, Q - select action, (/) - cycle Shift-Dir - straight line, f/p - orc priest
Aim: an orc priest, wielding a +1 trident of protection (moderately wounded, chance to affect: 50%)
The orc priest resists with some effort.
The orc priest hits you from afar with a +1 trident of protection!
* * * LOW HITPOINT WARNING * * *
A frilled lizard comes into view.
Unknown command.
Aiming: Slow (safe; 4% risk of failure)
Press: ? - help, Q - select action, (/) - cycle Shift-Dir - straight line, f/p - orc priest
Aim: an orc priest, wielding a +1 trident of protection (moderately wounded, chance to affect: 50%)
The orc priest seems to slow down.
The frilled lizard hisses angrily.
The orc closely misses you.
The orc priest hits you from afar with a +1 trident of protection.
* * * LOW HITPOINT WARNING * * *
Unknown command.
Aiming: Slow (safe; 4% risk of failure)
Press: ? - help, Q - select action, (/) - cycle Shift-Dir - straight line, f/p - orc priest
Aim: an orc priest, wielding a +1 trident of protection (moderately wounded, slow, chance to affect: 50%)
The orc priest seems to slow down.
The orc hits you with a +0 club.
You die...

#....#⌠..♣...+..#..
.....##..?..##.....#
......##...##...$..#
.......##W##....##.# .
........###........###..
.....#.......#..#.......
#............##...#l....
....##...###...#....#
....#..### ###..@(#
..#.....###.....o.#
..................o#
..................>...
..#..###........o..#..<
###...###.....!....#)...
#.#.##............ ...
#.#..#.......?..... ..
..##.#


You could see an orc priest (slow), 2 orcs and a frilled lizard.

Vanquished Creatures
  An orc (D:3)
  3 endoplasms (D:1)
  4 goblins
  8 hobgoblins
  7 kobolds
  A quokka (D:1)
  9 ball pythons
  8 bats
  3 frilled lizards (D:1)
  A rat (D:1)
45 creatures vanquished.

Vanquished Creatures (others)
  3 plants (D:2)
3 creatures vanquished.

Grand Total: 48 creatures vanquished

Notes
Turn   | Place    | Note
-------+----------+-------------------------------------------
     0 | D:1      | twist the Gnoll Hexslinger began the quest for the Orb.
     0 | D:1      | Reached XP level 1. HP: 17/17 MP: 4/4
    94 | D:1      | Reached XP level 2. HP: 16/23 MP: 5/5
   718 | D:1      | Reached XP level 3. HP: 28/28 MP: 7/7
  1247 | D:2      | Found Sifinyiq's Jewellery Shop.
  1317 | D:2      | Reached skill level 1 in Invocations
  1539 | D:2      | Reached skill level 1 in Short Blades
  1539 | D:2      | Reached skill level 1 in Long Blades
  1539 | D:2      | Reached skill level 1 in Axes
  1539 | D:2      | Reached skill level 1 in Maces & Flails
  1539 | D:2      | Reached skill level 1 in Polearms
  1539 | D:2      | Reached skill level 1 in Staves
  1539 | D:2      | Reached skill level 1 in Throwing
  1539 | D:2      | Reached skill level 1 in Armour
  1539 | D:2      | Reached skill level 1 in Stealth
  1539 | D:2      | Reached skill level 1 in Shields
  1539 | D:2      | Reached skill level 1 in Unarmed Combat
  1539 | D:2      | Reached skill level 1 in Evocations
  1540 | D:2      | Found Ehasann's Antique Armour Shop.
  2019 | D:3      | Found an iron altar of Okawaru.
  2019 | D:3      | Found a sacrificial altar of Ru.
  2020 | D:3      | Found a shimmering blue altar of Sif Muna.
  2020 | D:3      | Found a blossoming altar of Fedhas.
  2052 | D:3      | Found a runed translucent door.
  2052 | D:3      | Noticed DEFE's ghost (amateur MeFi)
  2078 | D:3      | HP: 1/28 [orc priest/+1 trident of protection (5)]
  2079 | D:3      | Slain by an orc

Illustrated notes

Levels and vault maps discovered:
D:1:      eino_arrival_cavern_e, layout_basic, st_stairs_5
D:2:      layout_basic, serial_shops, shop, nicolae_square_shop,
          serial_bayou_pond_a, nicolae_concentric_dashed_squares_mild
D:3:      layout_rooms, mainiacjoe_overflow_paths,
          chequers_temple_overflow_statue_of_worship, serial_shops, shop,
          hellmonk_ghost_happy_afterlife

Skill      XL: |  1  2  3 |
---------------+----------+-----
Invocations    | 1 |  1.1
Short Blades   | 1 |  1.0
Long Blades    | 1 |  1.0
Axes           | 1 |  1.0
Maces & Flails | 1 |  1.0
Polearms       | 1 |  1.0
Staves         | 1 |  1.0
Throwing       | 1 |  1.0
Armour         | 1 |  1.0
Stealth        | 1 |  1.0
Shields        | 1 |  1.0
Unarmed Combat | 1 |  1.0
Evocations     | 1 |  1.0
Fighting       | |  2.7
Ranged Weapons | |  4.6
Dodging        | |  4.6
Spellcasting   | |  2.9
Conjurations   | |  0.7
Hexes          | |  5.4
Summonings     | |  0.7
Necromancy     | |  0.7
Translocations | |  0.7
Transmutations | |  0.7
Fire Magic     | |  0.7
Ice Magic      | |  0.7
Air Magic      | |  0.7
Earth Magic    | |  0.7
Poison Magic   | |  0.7

Action                   || total
-------------------------++-------
 Fire: Sling             ||   170
 Cast: Slow              ||     6
Armor: Robe              ||    10
       Leather armour    ||    11
Dodge: Dodged            ||    84
Block: Buckler           ||     5

Table legend: (Time is in decaauts)
 A = Elapsed time spent in this place.
 B = Non-inter-level travel time spent in this place.
 C = Inter-level travel time spent in this place.
 D = Time resting spent in this place.
 E = Time spent auto-exploring this place.
 F = Levels seen in this place.
 G = Mean time per level.
                   A        B        C        D        E       F      G
               +--------+--------+--------+--------+--------+-----+--------+
         Total |   2114 |   1900 |    214 |      0 |   1543 |   3 |  704.7 |
       Dungeon |   2114 |   1900 |    214 |      0 |   1543 |   3 |  704.7 |
               +--------+--------+--------+--------+--------+-----+--------+

Top non-repeatable levels by time:
     D:1: 1096 daAuts
     D:2: 952 daAuts
     D:3: 65 daAuts
